 Dungeon Crawl Stone Soup version 0.24.1-14-gf8d2b509d9 (console) character file.

Game seed: 2602728309819998961, levelgen mode: deterministic

109 Kagalorn the Ruffian (level 4, -3/37 HPs)
             Began as a Barachi Warper on Aug 12, 2020.
             Killed by divine providence
             ... invoked by an orc priest
              (11 damage)
             ... on level 5 of the Dungeon.
             The game lasted 00:05:46 (869 turns).

Kagalorn the Ruffian (Barachi Warper)                Turns: 869, Time: 00:05:46

Health: -3/37      AC:  9    Str: 16    XL:     4   Next: 89%
Magic:  7/7        EV:  7    Int: 13    God:
Gold:   78         SH:  0    Dex: 12    Spells: 7/7 levels left

rFire    . . .     SeeInvis .     - Unarmed
rCold    . . .     Gourm    .   (no shield)
rNeg     . . .     Faith    .   k - +0 chain mail
rPois    .         Spirit   .   h - +0 helmet
rElec    .         Reflect  .   (no cloak)
rCorr    .         Harm     .   (no gloves)
MR       .....                  (no boots)
Stlth    ..........             (no amulet)
HPRegen  0.12/turn              g - +3 ring of strength (curse)
MPRegen  0.10/turn              (no ring)

@: can't hop, slow
A: +LOS, swims, slowness 1, strong legs 1
a: Hop


You were on level 5 of the Dungeon.
You were hungry.

You visited 1 branch of the dungeon, and saw 5 of its levels.

You collected 78 gold pieces.

Inventory:

Armour
 h - a +0 helmet (worn)
 k - a +0 chain mail (worn)
Jewellery
 g - a cursed +3 ring of strength (left hand)
 i - an uncursed ring of teleportation
Scrolls
 c - 2 scrolls of blinking
Potions
 a - a potion of berserk rage {unknown}
Comestibles
 f - 3 rations


   Skills:
 + Level 3.9 Fighting
 - Level 1.0 Throwing
 - Level 1.2 Armour
 - Level 2.1 Dodging
 * Level 4.5 Unarmed Combat
 - Level 2.1 Spellcasting
   Level 3.2 Translocations


You had 7 spell levels left.
You didn't know any spells.
Your spell library contained the following spells:

 Spells                   Type           Power        Failure   Level  Hunger
 Blink                    Tloc           N/A          88%         2    ###....
 Shroud of Golubria       Chrm/Tloc      #.....       98%         2    ###....
 Gell's Gravitas          Tloc           #.........   98%         3    ####...
 Lesser Beckoning         Tloc           #.........   98%         3    ####...
 Teleport Other           Tloc           #.......     98%         3    ####...
 Passage of Golubria      Tloc           N/A          100%        4    #####..


Dungeon Overview and Level Annotations

Branches:
Dungeon (5/15)
 Temple: D:4-7

Altars:


Innate Abilities, Weirdness & Mutations

Shadows flee at your approach. (+LOS)
You can swim through water.
You cover ground slowly.
You can hop short distances.


Message History

The killer bee zombie is moderately damaged.
The killer bee zombie barely misses you. x2
The killer bee zombie closely misses you.
The killer bee zombie hits you but does no damage.
The killer bee zombie barely misses you.
The killer bee zombie hits you but does no damage.
Found 9 gold pieces and a ration.
The killer bee zombie closely misses you.
The killer bee zombie hits you but does no damage.
The killer bee zombie hits you.
Your magical contamination has completely faded away.
The killer bee zombie hits you but does no damage.
The killer bee zombie hits you but does no damage. x2
The killer bee zombie hits you.
The killer bee zombie hits you but does no damage.
The killer bee zombie hits you.
* * * LOW HITPOINT WARNING * * *
The orc priest invokes the aid of Beogh against you.
Beogh smites you!
You die...

... ..# #.# #.# #.# #.#
# #.# #.##############.#
...<....#.......@##
#.#####.#.#####.Z.# #
#...#.#o....#%#o#
#.#o.o....#.#o#l#######.
#.###.#...#.#o#.........
#.....#...#....########.
.o#.!..........#
#.....#.####...#
#...###.. #...#


You could see an orc priest, 2 orcs, a killer bee zombie and a leopard gecko.

Vanquished Creatures
  A hound (D:4)
  A worker ant (D:4)
  3 adders
  An adder skeleton (D:4)
  An orc (D:4)
  2 bats
  A giant cockroach (D:5)
  2 goblins
  3 hobgoblins (D:1)
  2 kobolds
  A quokka (D:2)
  2 ball pythons
  A frilled lizard (D:1)
  5 rats
26 creatures vanquished.

Notes
Turn   | Place    | Note
-------+----------+-------------------------------------------
     0 | D:1      | Kagalorn the Barachi Warper began the quest for the Orb.
     0 | D:1      | Reached XP level 1. HP: 17/17 MP: 3/3
   166 | D:1      | Reached XP level 2. HP: 15/23 MP: 5/5
   225 | D:1      | You fall into a shaft and drop 1 floor!
   250 | D:2      | Reached skill level 3 in Unarmed Combat
   376 | D:2      | Reached XP level 3. HP: 27/29 MP: 6/6
   464 | D:4      | Noticed an ogre
   582 | D:4      | Reached skill level 4 in Unarmed Combat
   582 | D:4      | Reached XP level 4. HP: 9/35 MP: 7/7
   789 | D:4      | Noticed a phantom
   838 | D:5      | Entered Level 5 of the Dungeon
   869 | D:5      | Killed from afar by an orc priest

Levels and vault maps discovered:
D:1:      psy_arrival_dodecagon, layout_rooms
D:2:      layout_basic, first_ration, chequers_serial_rivers_micro_d
D:3:      layout_loops_ring, nicolae_overflow_crystal_walls, uniq_jessica
D:4:      layout_loops_ring, dk_vineyard_1, chequers_serial_rivers_micro_e,
          kennysheep_orc_chapel
D:5:      layout_basic

Skill      XL: |  1  2  3 |
---------------+----------+-----
Unarmed Combat | 3 4 |  4.5
Fighting       | 3 |  3.9
Throwing       | |  1.0
Armour         | |  1.2
Dodging        | |  2.1
Spellcasting   | |  2.1
Translocations | |  3.2

Action                   |  1- 3 |  4- 6 || total
-------------------------+-------+-------++-------
Melee: Unarmed           |   138 |    39 ||   177
       Punch             |     1 |       ||     1
Throw: Boomerang         |     5 |       ||     5
 Abil: Hop               |     1 |     1 ||     2
  Use: Scroll            |     2 |     2 ||     4
       Potion            |     1 |     5 ||     6
Armor: Leather armour    |    23 |       ||    23
       Chain mail        |    46 |    41 ||    87
Dodge: Dodged            |    87 |    18 ||   105
